 Dungeon Crawl Stone Soup version 0.18-a0-801-gb01a236 (webtiles) character file.

49420 Duffy the Grappler (level 14, -11/136 HPs)
             Began as a Troll Fighter on Dec 15, 2015.
             Was the Champion of Cheibriados.
             Engulfed by a fire crab's flame (20 damage)
             ... on level 7 of the Lair of Beasts.
             The game lasted 00:37:05 (16911 turns).

Duffy the Grappler (Troll Fighter)                 Turns: 16911, Time: 00:37:06

Health: -11/136    AC: 11    Str: 44    XL:     14   Next: 15%
Magic:  14/19      EV: 13    Int: 20    God:    Cheibriados [******]
Gold:   826        SH: 26    Dex: 25    Spells: 0 memorised, 13 levels left

rFire  . . .     SeeInvis +       - Unarmed
rCold  . . .     Clarity  .     M - +0 mottled dragon armour
rNeg   . . .     SustAt   .     G - +2 large shield {reflect}
rPois  .         Gourm    +     (helmet restricted)
rElec  .         Spirit   .     O - +1 cloak {+Inv}
rCorr  .         Dismiss  .     (gloves unavailable)
rMut   .         Stasis   .     (boots unavailable)
MR     +....                    (no amulet)
Stlth  ++........               k - +5 ring of slaying
                                u - ring of see invisible

@: very slow, somewhat resistant to hostile enchantments, unstealthy
A: unfitting armour, claws 3, fast metabolism 3, gourmand, regeneration 2,
shaggy fur 1, tough skin 2
a: Bend Time, Temporal Distortion, Slouch, Step From Time, Renounce Religion,
Evoke Invisibility


You were on level 7 of the Lair of Beasts.
You worshipped Cheibriados.
Cheibriados was exalted by your worship.
You were completely stuffed.

You visited 3 branches of the dungeon, and saw 20 of its levels.
You also visited: Labyrinth, Ice Cave and Volcano.

You collected 1280 gold pieces.
You spent 454 gold pieces at shops.


Innate Abilities, Weirdness & Mutations

You are too large for most types of armour.
You have claws for hands.
Your metabolism is lightning-fast.
You like to eat raw meat.
You heal very quickly.
You are covered in fur (AC +1).
You have very tough skin (AC +2).


   Skills:
 - Level 8.0 Fighting
 - Level 5.0 Dodging
 + Level 11.6 Shields
 - Level 14.0 Unarmed Combat
 - Level 8.0 Invocations
 - Level 6.0 Evocations


You had 13 spell levels left.
You didn't know any spells.

Inventory:

Hand Weapons
 j - a +2 scimitar of flaming
Missiles
 v - 4 large rocks
 y - 74 poisoned needles
 A - a throwing net
 I - 2 tomahawks
 T - 6 javelins (quivered)
Armour
 G - a +2 large shield of reflection (worn)
 M - a +0 mottled dragon armour (worn)
 O - a +1 cloak of invisibility (worn)
Jewellery
 b - an uncursed ring of sustain attributes
 k - a +5 ring of slaying (right claw)
 u - a ring of see invisible (left claw)
Wands
 s - a wand of teleportation (4)
 w - a wand of teleportation (5)
 C - a wand of flame (25)
 H - a wand of polymorph (11)
 J - a wand of paralysis (11)
 R - a wand of paralysis (13)
 V - a wand of disintegration (8)
 Y - a wand of paralysis (4)
Scrolls
 h - a scroll of silence
 l - 5 scrolls of fog
 n - 3 scrolls of blinking
 o - 4 scrolls of fear
 r - 9 scrolls of remove curse
 x - 10 scrolls of teleportation
 B - 3 scrolls of immolation
 L - 2 scrolls of recharging
 N - 2 scrolls of summoning
Potions
 a - 3 potions of resistance
 c - 4 potions of might
 e - a potion of brilliance
 f - 4 potions of lignification
 q - 9 potions of curing
 t - a potion of heal wounds
 D - a potion of flight
 E - 2 potions of invisibility
 K - 3 potions of cure mutation
 P - a potion of ambrosia {unknown}
 Z - 3 potions of agility
Miscellaneous
 S - a box of beasts
Comestibles
 d - 16 bread rations
 g - 32 fruits
 m - 6 beef jerkies
 z - 6 meat rations
 F - 5 slices of pizza
 X - 2 royal jellies

Dungeon Overview and Level Annotations

Branches:
Dungeon (12/15)            Temple (1/1) D:6            Lair (7/8) D:9
  Swamp (0/4) Lair:5       Spider (0/4) Lair:6
  Slime: Lair:6-8       Orc: D:9-12

Altars:
Ashenzari
Cheibriados
Dithmenos
Elyvilon
Fedhas
Gozag
Kikubaaqudgha
Makhleb
Nemelex Xobeh
Okawaru
Pakellas
Qazlal
Ru
Sif Muna
Trog
Vehumet
Xom
Yredelemnul
Zin
The Shining One

Shops:
D:5 :   D:8 **(

Annotations:
D:8 exclusion: door
D:9 Erolcha


Message History

You eviscerate the porcupine!!!
You kill the porcupine!
Cheibriados appreciates the change of pace.
No target in view!
No target in view!
You start resting.
Eating a chunk of flesh.
This raw flesh tastes great.
You continue eating. x2
A fire crab comes into view.
The fire crab breathes flames at you. The blast of flame engulfs you!
You are engulfed in roaring flames.
You block the fire crab's attack. The fire crab claws you!
You are engulfed in flames!
The fire crab breathes flames at you. The blast of flame engulfs you!
You claw the fire crab!
The fire crab is moderately wounded.
You are engulfed in roaring flames.
You claw the fire crab!
The fire crab is heavily wounded.
You are engulfed in roaring flames.
You block the fire crab's attack. You block the fire crab's attack.
You scratch the fire crab but do no damage.
The fire crab is heavily wounded.
The fire crab breathes flames at you. The blast of flame engulfs you!
You can feel time thicken for a moment.
You feel somewhat less full.
You are engulfed in roaring flames.
You block the fire crab's attack. The fire crab closely misses you.
You completely miss the fire crab.
The fire crab is severely wounded.
You are engulfed in roaring flames.
The fire crab bites you but does no damage.
You block the fire crab's attack.
You fail to use your ability.
You are engulfed in roaring flames.
You die...

#.###.# #..P# #................
#.....# #..## #................
##...#####..####.............%.7
##..P....P....###..............7
#..............................7
##.....#........................
#..###.####.........%...........
#### ### *#..0000.......P(P....P
#...#0@0..#.....#P...,,
##.##00t0.#....P..,,,,,
#..##............,,,,,
#.#*##P......##..,,,,,
*#.#**P.......#,>.,,,,,
*...*P..........,,,,,,,
*#.,##..........,,,,,,,
**,,,,.....#.....,,,,,,,
*,,,*,#....#.$..,,,,,,,,


You could see a fire crab.

Action                   |  1- 3 |  4- 6 |  7- 9 | 10-12 | 13-15 || total
-------------------------+-------+-------+-------+-------+-------++-------
Melee: Unarmed           |   143 |   177 |   329 |   640 |   445 ||  1734
Throw: Javelin           |       |       |       |     6 |       ||     6
       Large rock        |       |       |       |     4 |     4 ||     8
Invok: Slouch            |       |       |       |       |     4 ||     4
 Abil: Evoke Invisibilit |       |       |       |     1 |     2 ||     3
Evoke: Wand              |       |       |       |     5 |     1 ||     6
  Use: Scroll            |       |       |    14 |    10 |    11 ||    35
       Potion            |       |       |       |     1 |     2 ||     3
 Stab: Invisible         |       |       |       |     3 |     6 ||     9
       Paralysed         |       |       |       |       |     4 ||     4
       Sleeping          |       |       |       |       |     4 ||     4
  Eat: Chunk             |    19 |    10 |    30 |    44 |    27 ||   130

Notes
Turn   | Place    | Note
--------------------------------------------------------------
     0 | D:1      | Duffy the Troll Fighter began the quest for the Orb.
     0 | D:1      | Reached XP level 1. HP: 22/22 MP: 0/0
   297 | D:1      | Reached XP level 2. HP: 29/29 MP: 1/1
   452 | D:1      | Reached skill level 3 in Unarmed Combat
   899 | D:2      | Reached XP level 3. HP: 36/36 MP: 2/2
  1088 | D:2      | Reached skill level 4 in Unarmed Combat
  1479 | D:2      | Found a shadowy altar of Dithmenos.
  1491 | D:2      | Reached XP level 4. HP: 44/44 MP: 3/3
  1594 | D:3      | Reached skill level 5 in Unarmed Combat
  1649 | D:3      | Reached XP level 5. HP: 50/50 MP: 4/4
  1741 | D:3      | Found an iron altar of Okawaru.
  2176 | D:4      | Found a bloodstained altar of Trog.
  2180 | D:4      | Reached skill level 6 in Unarmed Combat
  2182 | D:4      | Found a shattered altar of Ashenzari.
  2183 | D:4      | Found an ancient bone altar of Kikubaaqudgha.
  2224 | D:4      | Noticed Sigmund
  2283 | D:3      | Reached XP level 6. HP: 44/59 MP: 5/5
  2363 | D:4      | Reached skill level 7 in Unarmed Combat
  2384 | D:5      | Entered Level 5 of the Dungeon
  2487 | D:5      | Reached XP level 7. HP: 66/66 MP: 6/6
  2596 | D:5      | Reached skill level 8 in Unarmed Combat
  2675 | D:5      | Found Debaufemp's Book Boutique.
  2901 | D:5      | Found a radiant altar of Vehumet.
  3262 | D:5      | Reached skill level 9 in Unarmed Combat
  3415 | D:5      | Killed Sigmund
  3415 | D:5      | Reached XP level 8. HP: 53/74 MP: 7/7
  3585 | D:4      | Found a deep blue altar of Sif Muna.
  3695 | D:6      | Noticed Menkaure
  3704 | D:6      | Killed Menkaure
  3704 | D:6      | Reached skill level 10 in Unarmed Combat
  4178 | D:6      | Found a staircase to the Ecumenical Temple.
  4187 | Temple   | Entered the Ecumenical Temple
  4247 | Temple   | Became a worshipper of Cheibriados the Contemplative
  4315 | D:6      | Reached skill level 11 in Unarmed Combat
  4767 | D:7      | Reached XP level 9. HP: 80/80 MP: 8/8
  4774 | D:7      | Reached * piety under Cheibriados
  4857 | D:7      | Reached skill level 12 in Unarmed Combat
  4903 | D:7      | Noticed Joseph
  4922 | D:7      | Killed Joseph
  5215 | D:7      | Reached skill level 13 in Unarmed Combat
  5589 | D:8      | Reached ** piety under Cheibriados
  5610 | D:8      | Found a glowing silver altar of Zin.
  5649 | D:8      | Found a sacrificial altar of Ru.
  5853 | D:8      | Found Inoxt's Assorted Antiques.
  5867 | D:8      | Bought a scroll labeled JIUNNY IHIDGH for 27 gold pieces
  5867 | D:8      | Bought a shiny large shield for 121 gold pieces
  5867 | D:8      | Bought a scroll labeled WOTWOZX DENWO for 27 gold pieces
  5867 | D:8      | Bought a scroll labeled EREOSE NOGRIXT for 27 gold pieces
  5867 | D:8      | Bought a scroll labeled ESTOAB WERYNI for 27 gold pieces
  5930 | D:8      | Found Zisioma's Weapon Shop.
  6008 | D:8      | Found a deep blue altar of Sif Muna.
  6123 | D:8      | Found Neatsiam's Assorted Antiques.
  6126 | D:8      | Bought a scroll labeled FAUF SUGYSOCA for 24 gold pieces
  6126 | D:8      | Bought a scroll labeled FAUF SUGYSOCA for 24 gold pieces
  6126 | D:8      | Bought a scroll labeled JIUNNY IHIDGH for 24 gold pieces
  6126 | D:8      | Bought a scroll labeled JIUNNY IHIDGH for 24 gold pieces
  6126 | D:8      | Bought a runed cloak for 108 gold pieces
  6142 | D:8      | Bought a bubbling yellow potion for 21 gold pieces
  6363 | D:9      | Reached XP level 10. HP: 88/88 MP: 9/9
  6460 | D:9      | Reached skill level 14 in Unarmed Combat
  6559 | D:10     | Entered Level 10 of the Dungeon
  6569 | D:10     | Reached skill level 3 in Fighting
  6569 | D:10     | Reached skill level 3 in Shields
  6723 | D:10     | Noticed a hill giant
  6744 | D:10     | Killed a hill giant
  6752 | D:10     | Reached *** piety under Cheibriados
  6752 | D:10     | Reached skill level 4 in Shields
  6852 | D:10     | Reached skill level 4 in Fighting
  7115 | D:10     | Killed an unseen horror
  7161 | D:10     | Reached skill level 5 in Fighting
  7161 | D:10     | Reached skill level 5 in Shields
  7798 | D:9      | Noticed Erolcha
  8041 | D:11     | Reached XP level 11. HP: 61/105 MP: 10/10
  8045 | D:11     | Reached **** piety under Cheibriados
  8048 | D:11     | Reached skill level 6 in Fighting
  8051 | D:11     | Reached skill level 6 in Shields
  8242 | D:12     | Found a labyrinth entrance.
  8259 | Lab      | Entered a labyrinth
  8414 | Lab      | Noticed a minotaur
  8424 | Lab      | Killed a minotaur
  8515 | D:11     | Killed an unseen horror
  8679 | D:11     | Reached skill level 7 in Fighting
  8822 | D:11     | Reached skill level 7 in Shields
  9014 | D:11     | Reached ***** piety under Cheibriados
  9601 | D:12     | Reached skill level 8 in Fighting
  9756 | D:12     | Reached skill level 1 in Invocations
  9995 | D:12     | Reached skill level 8 in Shields
  9996 | D:12     | Reached skill level 2 in Invocations
 10201 | D:9      | Found a staircase to the Lair.
 10228 | Lair:1   | Entered Level 1 of the Lair of Beasts
 10320 | Lair:1   | Reached skill level 3 in Invocations
 10320 | Lair:1   | Reached XP level 12. HP: 119/119 MP: 13/13
 10766 | Lair:2   | Reached ****** piety under Cheibriados
 10910 | Lair:2   | Reached skill level 4 in Invocations
 11271 | Lair:2   | Reached skill level 3 in Dodging
 11326 | Lair:1   | Reached skill level 5 in Invocations
 11573 | Lair:2   | Reached skill level 4 in Dodging
 11577 | Lair:2   | Noticed a six-headed hydra
 11584 | Lair:2   | Killed a six-headed hydra
 11601 | Lair:2   | Reached skill level 6 in Invocations
 12281 | Lair:3   | Reached skill level 7 in Invocations
 12658 | Lair:3   | Reached skill level 8 in Invocations
 12666 | Lair:3   | Noticed an eight-headed hydra
 12675 | Lair:3   | Killed an eight-headed hydra
 12675 | Lair:3   | Reached skill level 1 in Evocations
 12939 | Lair:4   | Reached skill level 2 in Evocations
 13138 | Lair:4   | Reached XP level 13. HP: 103/127 MP: 18/18
 13177 | Lair:4   | Reached skill level 3 in Evocations
 13280 | Lair:4   | Noticed Harold
 13308 | Lair:4   | Killed Harold
 13308 | Lair:4   | Reached skill level 4 in Evocations
 13923 | Lair:5   | Reached skill level 5 in Evocations
 13968 | Lair:5   | Found a frozen archway.
 13977 | IceCv    | Entered an ice cave
 14098 | IceCv    | Reached skill level 9 in Shields
 14541 | Lair:5   | Reached skill level 6 in Evocations
 14605 | Lair:5   | Reached skill level 5 in Dodging
 15041 | Lair:5   | Reached skill level 10 in Shields
 15142 | Lair:5   | Found a staircase to the Swamp.
 15975 | Lair:6   | Found a hole to the Spider Nest.
 16193 | Lair:7   | Reached skill level 11 in Shields
 16202 | Lair:7   | Reached XP level 14. HP: 122/136 MP: 13/19
 16276 | Lair:7   | Found a dark tunnel.
 16289 | Volcano  | Entered a volcano
 16911 | Lair:7   | Engulfed by a fire crab's flame

Vault maps used:
D:1:      lemuel_arrival_muddy, corexii_corridor_pit
D:2:      grunt_dithmenos_smoke
D:3:      okawaru_gym_becter
D:4:      lemuel_doored_altar, grunt_temple_overflow_open, uniq_sigmund
D:5:      kennysheep_mini, serial_shops, shop, first_bread, grunt_ministairs_8
D:6:      temple_hall, minmay_gold_behind_fungi, corexii_corridor_pit,
          uniq_menkaure
D:7:      the_bakery, uniq_joseph
D:8:      old_standard_altar, nicolae_overflow_crystal_walls, serial_shops,
          shop, shop, kennysheep_mini_moat, st_stairs_9, led_sif_book
D:9:      minmay_lair_entry_lava, kennysheep_orc_monster_closet_entryway,
          uniq_erolcha
D:10:     grunt_decor_cap
D:11:     serial_glass, glass_columns_a, glass_columns_a
D:12:     lab_entry_generic, lemuel_nasty_fountain
Temple:   nicolae_temple_god_jail
Lair:1:   serial_bayou_shore_a, infiniplex_staircase_pool
Lair:2:   zaba_antful_of_joy
Lair:3:   serial_bayou_shore_b
Lair:4:   infiniplex_staircase_pool_2, grunt_megastairs_3, uniq_harold
Lair:5:   kennysheep_abandoned_house, nicolae_swamp_entry_splash_gauntlet,
          portal_ice_cave_entry_pillars_01, serial_bayou_ford_a,
          grunt_forest_large_clearings, serial_bayou_shore_b,
          lemuel_fruit_fields
Lair:6:   dummy_spider_entry
Lair:7:   gammafunk_lair_bear_cave, nicolae_volcano_entry_vermiform
Lab:      labyrinth_watery
IceCv:    ice_cave_tombish
Volcano:  volcano_pools

Vanquished Creatures
  A minotaur Harold
  4 hydras
  A queen ant
  A death yak
  A fire crab
  A hill giant
  2 unseen horrors
  A lindwurm
  A manticore
  A griffon
  A necromancer
  A cyclops
  An ugly thing
  5 elephants Joseph
  A centaur zombie
  4 ice statues
  A torpor snail
  2 black mambas
  3 komodo dragons
  6 spiny frogs
  2 fire drakes
  3 trolls
  8 ice devils
  2 polar bears
  25 blink frogs
  5 slime creatures
  A spriggan Sigmund
  24 yaks
  13 hippogriffs
  13 fire bats
  2 mottled dragons Menkaure
  17 wolves
  6 swamp worms
  6 soldier ants
  11 porcupines
  13 water moccasins
  3 ice beasts
  A wasp
  7 orc warriors
  2 phantoms
  A big kobold
  4 centaurs
  2 sky beasts
  An eye of draining
  9 ogres
  10 crocodiles
  22 giant frogs
  A gnoll sergeant
  2 wyvern skeletons
  4 scorpions
  16 killer bees
  3 electric eels
  A giant frog zombie
  6 wights
  9 crimson imps
  4 orc priests
  A quasit
  A draconian simulacrum
  10 hounds
  2 centaur skeletons
  11 iguanas
  3 giant frog skeletons
  15 orc wizards
  33 worker ants
  7 hell rats
  3 spriggan simulacra
  A centaur simulacrum
  A killer bee zombie
  34 sheep
  9 gnolls
  3 ogre simulacra
  8 adders
  2 naga simulacra
  35 river rats
  3 shadow imps
  5 worms
  47 orcs
  10 giant cockroaches
  4 goblins
  12 hobgoblins
  8 jackals
  7 kobolds
  4 quokkas
  2 ball pythons
  9 bats
  9 giant geckos
  8 giant newts
  A jackal skeleton
  2 quokka zombies
  17 rats
  15 fungi
  4 plants
648 creatures vanquished.
